 Dungeon Crawl Stone Soup version 0.23-a0-14-g8c9a20f (webtiles) character file.

82 wissler1 the Skirmisher (level 4, -2/41 HPs)
             Began as a Hill Orc Abyssal Knight on Aug 2, 2018.
             Was a Believer of Lugonu.
             Slain by Grinder (3 damage)
             ... while paralysed by Grinder
             ... on level 3 of the Dungeon.
             The game lasted 00:11:09 (1704 turns).

wissler1 the Skirmisher (Hill Orc Abyssal Knight)   Turns: 1704, Time: 00:11:09

Health: -2/41      AC:  7    Str: 22    XL:     4   Next: 43%
Magic:  5/5        EV:  2    Int: 12    God:    Lugonu [**....]
Gold:   84         SH:  0    Dex: 10    Spells: 3/3 levels left

rFire    . . .     SeeInvis .   a - +1 mace
rCold    . . .     Gourm    .   j - +0 large shield
rNeg     . . .     Faith    .   m - +0 scale mail
rPois    .         Spirit   .   (no helmet)
rElec    .         Reflect  .   (no cloak)
rCorr    .         Harm     .   n - +0 pair of gloves
MR       .....                  (no boots)
Stlth    ..........             (no amulet)
HPRegen  0.13/turn              (no ring)
MPRegen  0.09/turn              (no ring)

@: paralysed, mighty
A: mutation resistance 1, strong 1
a: Depart the Abyss, Bend Space, Renounce Religion


You were on level 3 of the Dungeon.
You worshipped Lugonu.
Lugonu was pleased with you.
You were not hungry.

You visited 1 branch of the dungeon, and saw 3 of its levels.
You visited the Abyss 1 time.

You collected 84 gold pieces.

Inventory:

Hand Weapons
 a - a +1 mace (weapon)
 r - a +0 dagger
 s - a +0 hunting sling
Armour
 b - a +0 leather armour
 g - a +0 leather armour
 j - a +0 large shield (worn)
 m - a +0 scale mail (worn)
 n - a +0 pair of gloves (worn)
 o - a +0 pair of gloves
 p - a +2 ring mail of poison resistance
 q - a +0 ring mail
Scrolls
 d - a scroll of fog {unknown}
 e - a scroll of magic mapping
 i - 2 scrolls of remove curse
 l - a scroll of teleportation {unknown}
Comestibles
 c - 2 rations


   Skills:
 + Level 4.7 Fighting
 + Level 3.0 Maces & Flails
 + Level 2.9 Armour
 + Level 1.1 Dodging
 + Level 1.2 Shields
 - Level 2.4 Invocations


You had 3 spell levels left.
You didn't know any spells.
Your spell library was empty.

Dungeon Overview and Level Annotations

Branches:
Dungeon (3/15)

Altars:
Cheibriados
Kikubaaqudgha
Uskayaw

Annotations:
D:3 Grinder


Innate Abilities, Weirdness & Mutations

You are somewhat resistant to further mutation.
Your muscles are strong. (Str +2)


Message History

* * * LOW HITPOINT WARNING * * *
Space bends around you!
You blink.
Okay, then.
It was a potion of might.
You feel very mighty all of a sudden.
You sock Grinder!
Grinder is severely wounded.
Grinder hits you but does no damage.
Grinder blinks!
You see here a chain mail.
It was a potion of mutation.
You feel extremely strange.
You feel genetically stable.
You feel stronger. Grinder gestures at you.
You suddenly lose the ability to move!
Grinder gestures at you. You resist with significant effort. Grinder hits you.
* * * LOW HITPOINT WARNING * * *
You writhe in agony.
You die...

... .. ..# .####### #.##
#......# #..#### ####..$...#
#..#... #.........# #..#.##
#.........# #..#.##
####...5.....#####....##
.......@.....').........
......#######......#######..##
......#######......# ##...
...........#......# #..#
#.........######## # #..#
#.........# #. #...
#.........## #.. #.#.
#..........#########...##.#.
#......._...................


You could see Grinder.

Vanquished Creatures
  2 adders
  An ooze (D:2)
  2 worms
  2 leopard geckos (D:3)
  4 orcs (D:3)
  3 bats
  4 giant cockroaches
  2 goblins (D:3)
  8 hobgoblins
  A quokka (D:2)
  2 ball pythons
  A frilled lizard (D:3)
  11 kobolds
  4 rats
47 creatures vanquished.

Notes
Turn   | Place    | Note
-------+----------+-------------------------------------------
     0 | Abyss:1  | wissler1 the Hill Orc Abyssal Knight began the quest for the Orb.
     0 | Abyss:1  | Reached XP level 1. HP: 19/19 MP: 2/2
   100 | Abyss:1  | Noticed a ynoxinul
   102 | Abyss:1  | Noticed an eye of draining
   111 | D:1      | Escaped the Abyss
   310 | D:1      | Reached * piety under Lugonu
   316 | D:1      | Reached skill level 4 in Fighting
   351 | D:1      | Reached XP level 2. HP: 27/27 MP: 3/3
   681 | D:2      | Found a snail-covered altar of Cheibriados.
   685 | D:2      | Found an ancient bone altar of Kikubaaqudgha.
   830 | D:2      | Reached XP level 3. HP: 18/34 MP: 4/4
   871 | D:2      | Reached skill level 1 in Dodging
  1473 | D:3      | Noticed an enchanted hand axe
  1473 | D:3      | Noticed a dagger
  1503 | D:3      | Reached XP level 4. HP: 35/41 MP: 5/5
  1515 | D:3      | Found a hide-covered altar of Uskayaw.
  1524 | D:3      | Reached skill level 1 in Shields
  1647 | D:3      | Noticed Grinder
  1647 | D:3      | Paralysed by Grinder for 2 turns
  1653 | D:3      | Reached ** piety under Lugonu
  1681 | D:3      | Paralysed by Grinder for 7 turns
  1698 | D:3      | Gained mutation: You are somewhat resistant to further mutation. [potion of mutation]
  1698 | D:3      | Gained mutation: Your muscles are strong. (Str +2) [potion of mutation]
  1699 | D:3      | Paralysed by Grinder for 7 turns
  1704 | D:3      | HP: 1/41 [Grinder (2)]
  1704 | D:3      | Slain by Grinder

Vault maps used:
D:1:      dpeg_arrival_concentric_ovals
D:2:      nicolae_overflow_hidden_temple, first_ration
D:3:      dancing_weapons_uskayaw, uniq_grinder, uniq_crazy_yiuf_cottage,
          uniq_ijyb

Skill      XL: |  1  2  3  4 |
---------------+-------------+-----
Fighting       | 4 |  4.7
Dodging        | 1 |  1.1
Shields        | 1 |  1.2
Maces & Flails | 3 |  3.0
Armour         | |  2.9
Invocations    | |  2.4

Action                   |  1- 3 |  4- 6 || total
-------------------------+-------+-------++-------
Melee: Mace              |   127 |    52 ||   179
Invok: Depart the Abyss  |     1 |       ||     1
       Bend Space        |       |     1 ||     1
  Use: Potion            |     3 |     3 ||     6
       Scroll            |     2 |       ||     2
  Eat: Ration            |     1 |       ||     1
Armor: Leather armour    |    26 |       ||    26
       Scale mail        |    26 |    29 ||    55
Dodge: Dodged            |    60 |     6 ||    66
Block: Large shield      |    49 |    36 ||    85

Table legend:
 A = Spawn XP
 B = Non-spawn XP
 C = Spawn XP percentage of total XP
 D = Spawn monster count
 E = Non-spawn monster count
 F = Spawn count percentage of total count
 G = Total turns spent on level
                    A         B        C        D         E        F      G
               +---------+---------+-------+---------+---------+-------+---------
         Total |       0 |     118 |   0.0 |       0 |      47 |   0.0 |  1704
               +---------+---------+-------+---------+---------+-------+---------
           D:1 |       0 |      14 |   0.0 |       0 |      11 |   0.0 |   538
           D:2 |       0 |      46 |   0.0 |       0 |      16 |   0.0 |   694
           D:3 |       0 |      58 |   0.0 |       0 |      20 |   0.0 |   361
               +---------+---------+-------+---------+---------+-------+---------
